 Dungeon Crawl Stone Soup version 0.18-a0-731-ga019a5f (webtiles) character file.

162 JokEr the Skirmisher (level 5, -7/52 HPs)
             Began as a Gargoyle Berserker on Dec 9, 2015.
             Was a Believer of Trog.
             Killed by nerve-wracking pain
             ... invoked by an orc priest
              (14 damage)
             ... on level 3 of the Dungeon.
             The game lasted 00:03:24 (2061 turns).

JokEr the Skirmisher (Gargoyle Berserker)           Turns: 2061, Time: 00:03:24

Health: -7/52      AC:  6    Str: 27    XL:     5   Next: 43%
Magic:  5/5        EV: 12    Int:  7    God:    Trog [**....]
Gold:   113        SH:  0    Dex:  9    Spells: 0 memorised, 4 levels left

rFire  . . .     SeeInvis .     a - +1 mace
rCold  . . .     Clarity  .     b - +0 animal skin
rNeg   + . .     SustAt   .     (no shield)
rPois  ∞         Gourm    .     (no helmet)
rElec  +         Spirit   .     (no cloak)
rCorr  .         Dismiss  .     (no gloves)
rMut   .         Stasis   .     (no boots)
MR     .....                    (no amulet)
Stlth  ..........               (no ring)
                                (no ring)

@: berserking, very quick, not resistant to hostile enchantments, extremely
unstealthy
A: negative energy resistance 1, electricity resistance, unbreathing,
petrification resistance, rot immunity, AC +4
a: Berserk, Trog's Hand, Burn Spellbooks, Renounce Religion


You were on level 3 of the Dungeon.
You worshipped Trog.
Trog was pleased with you.
You were not hungry.

You visited 1 branch of the dungeon, and saw 3 of its levels.

You collected 113 gold pieces.

Inventory:

Hand Weapons
 a - a +1 mace (weapon)
Armour
 b - a +0 animal skin (worn)
Scrolls
 c - a scroll of noise {unknown}
 g - 2 scrolls of magic mapping
 m - 3 scrolls of fog {unknown}
 n - a scroll of teleportation {unknown}
 p - 2 scrolls of remove curse {unknown}
 q - 3 scrolls of identify
 r - a scroll of fear {unknown}
Potions
 f - a potion of lignification {unknown}
 h - a potion of curing {unknown}
 i - a potion of degeneration {unknown}
 j - a potion of poison {unknown}
Comestibles
 d - 2 beef jerkies
 k - a meat ration
 l - a bread ration
 o - 3 fruits


   Skills:
 + Level 5.0 Fighting
 + Level 4.2 Maces & Flails
 - Level 2.5 Armour
 - Level 2.1 Dodging


You had 4 spell levels left.
You didn't know any spells.

Dungeon Overview and Level Annotations

Branches:
Dungeon (3/15)

Altars:
Fedhas
Kikubaaqudgha


Innate Abilities, Weirdness & Mutations

You are resistant to torment.
Your stone body is resilient (AC +4).
You are immune to poison.
You resist negative energy.
You are resistant to electric shocks.
You can survive without breathing.
You are immune to petrification.
You are immune to rotting.


Message History

* * * LOW HITPOINT WARNING * * *
The orc priest closely misses you.
You are too injured to fight recklessly!
Drink which item? (? for menu, Esc to quit)
Okay, then.
Read which item? (? for menu, Esc to quit)
Okay, then.
You are too injured to fight recklessly!
You hit the orc priest but do no damage.
The orc hits you with a hand axe.
* * * LOW HITPOINT WARNING * * *
The orc priest barely misses you.
The orc wizard mumbles some strange words.
The orc wizard seems to speed up.
A red film seems to cover your vision as you go berserk!
You feel yourself moving faster!
You feel mighty!
You feel somewhat more hungry. The orc barely misses you.
The orc priest calls down the wrath of Beogh upon you.
Pain shoots through your body!
You die...

###.#.# ###.###. ..
...... ..........
##.###...######.# #.....
............ ...# #.#.#.
.......#.#.###..###.#.#.
........................
........8.....#.........
......o8)8..............
......8@_.8......##.....
.....oo8.8....##.##.....
........8.....##.##.....
..............##..#.....
......##.#....##..#....<
##+### #.#....##..#.#+#+
....#####....# # .##
#.#..# #. ....).#.#.


You could see an orc priest, an orc wizard and an orc.

Vanquished Creatures
  The ghost of 4thArraOfDagon the Skirmisher, a weakling HOFi (D:3)
  Robin (D:2)
  2 adders (D:2)
  3 oozes
  A worm (D:2)
  2 giant geckos (D:1)
  7 orcs (D:3)
  7 hobgoblins
  8 jackals
  2 bats (D:1)
  4 giant cockroaches
  3 giant newts
  15 goblins
  3 kobolds
  A rat (D:2)
60 creatures vanquished.

Vanquished Creatures (others)
  A goblin (D:2)
1 creature vanquished.

Grand Total: 61 creatures vanquished

Notes
Turn   | Place    | Note
--------------------------------------------------------------
     0 | D:1      | JokEr the Gargoyle Berserker began the quest for the Orb.
     0 | D:1      | Reached XP level 1. HP: 14/14 MP: 1/1
   313 | D:1      | Reached XP level 2. HP: 13/19 MP: 2/2
   753 | D:1      | Reached XP level 3. HP: 24/24 MP: 3/3
  1068 | D:2      | Reached ** piety under Trog
  1100 | D:2      | Reached skill level 4 in Fighting
  1209 | D:2      | Noticed Robin
  1230 | D:2      | Reached XP level 4. HP: 29/29 MP: 4/4
  1232 | D:2      | Killed Robin
  1367 | D:2      | Found an ancient bone altar of Kikubaaqudgha.
  1368 | D:2      | Found a blossoming altar of Fedhas.
  1916 | D:3      | Noticed 4thArraOfDagon's ghost (weakling HOFi)
  1935 | D:3      | Killed 4thArraOfDagon's ghost
  1935 | D:3      | Reached XP level 5. HP: 34/34 MP: 5/5
  2018 | D:3      | Found a faded altar to an unknown god.
  2039 | D:3      | Reached skill level 5 in Fighting
  2061 | D:3      | Killed from afar by an orc priest

Vault maps used:
D:1:      saegor_arrival_simple_c
D:2:      grunt_temple_overflow_growth_and_decay, uniq_robin
D:3:      ecumenical_altar_2, minmay_cupped

Action                   |  1- 3 |  4- 6 || total
-------------------------+-------+-------++-------
Melee: Mace              |    97 |   101 ||   198
Invok: Berserk           |     1 |     2 ||     3
  Use: Scroll            |     3 |       ||     3
       Potion            |     1 |     1 ||     2
  Eat: Bread ration      |     1 |       ||     1
       Beef jerky        |       |     1 ||     1
